cohdb
Replays
Latest Replays
All Replays
Popular Replays
Top Player Replays
Match Explorer
How It Works
Community
CoH3 Stats
Reddit
Sign in to upload your games and track your stats! →
Sign in with Steam
Match 46858439
Unlisted
Match 46858439
Overview
Messages
Build Orders
End
Kradschützen Motorcycle Team
Panzerpioneer Squad
Selects Italian Infantry
Selects Italian Infantry
250 Light Carrier
250 Light Carrier
Construct Light Support Kompanie
Selects Defensive Operations
Combat Half-tracks
Fire Support Elements
Flakvierling Half-track
Panzerjäger Mechanized Group
2.5-tonne Medical Truck
Vehicle Survival Package
Selects Guastatori Squad
Guastatori Squad
Construct Panzerarmee Kommand
Walking Stuka Rocket Launcher
Selects Registered Artillery
Selects Towed Cannone da 105/28 Field Howitzer
Panzer III L Medium Tank
Emergency Repair Kits
Armored Reserves
Rapid Advance
Tungsten Core Ammunition
Advanced Optics
Registered Artillery
Selects Territory Booby Traps
Selects Obice 305mm Barrage
Tiger Heavy Tank
Panzerpioneer Squad
Advanced Field Repairs
Obice 305mm Barrage
Flak 36 Anti-tank Gun Team
Obice 305mm Barrage
Flakvierling Half-track
Construct Mechanized Kompanie
18-tonne Recovery Half-track
Obice 305mm Barrage
Obice 305mm Barrage
心理学大师汉尼拔
憨八龟
Phoop
InDex
Sami
Etgo
Hk
Jarkke
0
0
Comments
sign in to comment!
No comments posted yet!